 Dungeon Sprint DCSS version 0.21.0-24-g2553a33 (webtiles) character file.

9487 letownia2 the Brawler (level 11, -2/109 (110) HPs)
             Began as a Troll Wizard on Jan 20, 2018.
             Was an Initiate of Gozag.
             Slain by a spiny frog (24 damage)
             ... in the Dungeon (Sprint III: "The Ten Rune Challenge").
             The game lasted 00:08:18 (1445 turns).

letownia2 the Brawler (Troll Wizard)                Turns: 1445, Time: 00:08:18

HP:   -2/109 (110)  AC:  5    Str: 17    XL:     11   Next: 23%
MP:   13/16         EV:  9    Int: 17    God:    Gozag
Gold: 8531          SH:  0    Dex:  8    Spells: 8/18 levels left

rFire    . . .     SeeInvis .     - Unarmed
rCold    . . .     Gourm    +   (no shield)
rNeg     . . .     Faith    .   a - +0 robe
rPois    .         Spirit   .   b - +0 hat
rElec    .         Reflect  .   (no cloak)
rCorr    .         Harm     .   (gloves unavailable)
MR       .....     NoTele   +   (boots unavailable)
Stlth    +.........             (no amulet)
HPRegen  0.68/turn              (no ring)
MPRegen  0.15/turn              (no ring)

@: lethally poisoned (-2 -> -3), gold aura
A: large, unfitting armour, claws 3, fast metabolism 3, gourmand, regeneration
1, shaggy fur 1, tough skin 2
a: Potion Petition, Call Merchant, Bribe Branch, Renounce Religion


You were in the Dungeon.
You worshipped Gozag.
Gozag was greatly pleased with you.
You were not hungry.

You visited 1 branch You collected 8531 gold pieces.

Inventory:

Hand Weapons
 c - a +0 blowgun
Missiles
 i - 6 curare-tipped needles
Armour
 a - a +0 robe (worn)
 b - a +0 hat (worn)
Wands
 q - a wand of polymorph (15)
Scrolls
 j - a scroll of blinking
 k - a scroll of fog {unknown}
 m - 3 scrolls of torment {unknown}
 n - 4 scrolls of identify
 o - 3 scrolls of remove curse
Potions
 e - a potion of curing
 f - a potion of heal wounds
 g - a potion of haste
 h - 3 potions of magic
 l - 4 potions of mutation
 p - 4 potions of flight
Books
 r - a book of Misfortune

   Spells                             Type                      Level
   a - Confusing Touch                Hexes                        1
   b - Confuse                        Hexes                        3
   c - Gell's Gravitas                Translocation                3
   d - Petrify                        Transmutation/Earth          4
   e - Metabolic Englaciation         Hexes/Ice                    5
   f - Yara's Violent Unravelling     Hexes/Transmutation          5
 s - a book of Minor Magic

   Spells                             Type                      Level
   a - Magic Dart                     Conjuration                  1
   b - Blink                          Translocation                2
   c - Call Imp                       Summoning                    2
   d - Slow                           Hexes                        2
   e - Conjure Flame                  Conjuration/Fire             3
   f - Mephitic Cloud                 Conjuration/Poison/Air       3
Comestibles
 d - 2 rations


   Skills:
 - Level 7.7 Fighting
 - Level 1.5 Dodging
 - Level 1.0 Stealth
 + Level 20.2 Unarmed Combat
 - Level 4.4 Spellcasting
 - Level 4.7 Conjurations
 - Level 4.5 Hexes
   Level 0.6 Summonings
 - Level 2.2 Translocations
 - Level 3.5 Fire Magic
 - Level 3.3 Air Magic
 - Level 3.5 Poison Magic


You had 8 spell levels left.
You knew the following spells:

 Your Spells              Type           Power        Failure   Level  Hunger
a - Magic Dart            Conj           ###.         2%          1    None
b - Blink                 Tloc           N/A          9%          2    ##.....
c - Conjure Flame         Conj/Fire      ###.....     9%          3    ###....
d - Confusing Touch       Hex            ###...       2%          1    None
e - Mephitic Cloud        Conj/Pois/Air  ###.....     9%          3    ###....


Dungeon Overview and Level Annotations

Branches:
Dungeon (1/1)

Altars:
Cheibriados
Dithmenos
Elyvilon
Fedhas
Gozag
Hepliaklqana
Kikubaaqudgha
Makhleb
Nemelex Xobeh
Okawaru
Qazlal
Ru
Sif Muna
Trog
Uskayaw
Vehumet
Wu Jian
Xom
Yredelemnul
Zin
The Shining One
Beogh
Jiyva
Lugonu

Shops:
D ?


Innate Abilities, Weirdness & Mutations

You are too large for most types of armour.
You have claws for hands.
Your metabolism is lightning-fast.
You like to eat raw meat.
Your natural rate of healing is unusually fast.
You are covered in fur. (AC +1)
You have very tough skin. (AC +2)


Message History

Unknown command.
You claw the spiny frog!
The spiny frog is severely wounded.
The spiny frog stings you!
Unknown command.
You closely miss the spiny frog.
The spiny frog is severely wounded.
The spiny frog stings you!!
* * * LOW HITPOINT WARNING * * *
You are poisoned.
The spiny frog poisons you!
Unknown command.
Unknown command.
You feel sick.
Unknown command.
You claw the spiny frog!
The spiny frog is almost dead.
You feel sick. The spiny frog stings you!!
You die...
Your body crumbles into a pile of gold.

...'.⌠........#.#∩.##.#_##.'...#
...#...######'#..###.#..########
...#.⌠.#__#...#'#################
...#...#__#...#)).[#.#.#.....#...
...#)###__#...##)#..#.##)###.#...
...#.).#__#..))##)#.#.##)#.)##...
...#___#__'...#)))#..#..##..'....
▓▓▓▓▓▓▓▓▓▓▓▓▓▓▓▓▓▓▓▓▓▓▓▓▓▓▓▓#....
♣≈≈≈§F@.....≈≈≈...#....
♣'♣≈≈≈≈≈≈≈≈≈≈≈≈♣♣..'....
F≈♣♣♣♣♣♣♣♣♣♣♣♣♣♣♣♣PP#..). #.l
♣♣♣##'## ## #...' $$#...# $#...#
#####


#.PPP You could see a spiny frog.

Vanquished Creatures
  Harold (D)
  Erolcha (D)
  2 orc high priests (D)
  2 deep elf knights (D)
  Joseph (D)
  4 deep elf magi (D)
  A spiny frog (D)
  A komodo dragon (D)
  A shadow (D)
  2 redbacks (D)
  3 wandering mushrooms (D)
  A spatial vortex (D)
  A necrophage (D)
  5 two-headed ogres (D)
  A water elemental (D)
  A scorpion (D)
  A jelly (D)
  6 orc priests (D)
  3 orc wizards (D)
  A wizard (D)
  A necromancer (D)
  A kobold demonologist (D)
  3 humans (D)
  An ooze (D)
  6 orcs (D)
  A frilled lizard (D)
  3 rats (D)
55 creatures vanquished.

Vanquished Creatures (others)
  2 draconian scorchers (D)
  6 hellions (D)
  2 yaktaurs (D)
  An orc high priest (D)
  3 orc priests (D)
  5 plants (D)
19 creatures vanquished.

Grand Total: 74 creatures vanquished

Notes
Turn   | Place    | Note
-------+----------+-------------------------------------------
     0 | D        | letownia2 the Troll Wizard began the quest for the Orb.
     0 | D        | Reached XP level 1. HP: 16/16 MP: 2/2
    15 | D        | Reached skill level 1 in Fighting
    15 | D        | Reached skill level 2 in Unarmed Combat
    23 | D        | Killed a yaktaur
    88 | D        | Killed a hellion
    88 | D        | Killed a hellion
    88 | D        | Killed a hellion
    89 | D        | Killed a hellion
    89 | D        | Killed a hellion
   111 | D        | Reached skill level 4 in Unarmed Combat
   111 | D        | Reached XP level 2. HP: 15/29 MP: 4/4
   140 | D        | Noticed a scorpion
   179 | D        | Killed a scorpion
   179 | D        | Reached skill level 6 in Unarmed Combat
   179 | D        | Reached XP level 3. HP: 14/37 MP: 5/5
   179 | D        | Reached XP level 4. HP: 18/46 MP: 6/6
   184 | D        | Learned a level 3 spell: Mephitic Cloud
   188 | D        | Learned a level 3 spell: Conjure Flame
   190 | D        | Killed a hellion
   234 | D        | Killed a white draconian scorcher
   237 | D        | Noticed a water elemental
   240 | D        | Killed a water elemental
   240 | D        | Reached skill level 1 in Conjurations
   240 | D        | Reached skill level 1 in Fire Magic
   240 | D        | Reached skill level 1 in Air Magic
   240 | D        | Reached skill level 1 in Poison Magic
   247 | D        | Killed a white draconian scorcher
   270 | D        | Found a glowing silver altar of Zin.
   270 | D        | Found a glowing golden altar of the Shining One.
   270 | D        | Found a white marble altar of Elyvilon.
   270 | D        | Noticed a deep elf mage
   293 | D        | Killed a deep elf mage
   293 | D        | Reached skill level 9 in Unarmed Combat
   293 | D        | Reached XP level 5. HP: 26/53 MP: 5/9
   293 | D        | Reached XP level 6. HP: 30/61 MP: 5/10
   293 | D        | Reached XP level 7. HP: 32/67 MP: 5/11
   300 | D        | Learned a level 2 spell: Blink
   333 | D        | Noticed a shadow
   340 | D        | Killed a shadow
   342 | D        | Reached skill level 10 in Unarmed Combat
   358 | D        | Found a blossoming altar of Fedhas.
   358 | D        | Found a stormy altar of Qazlal.
   358 | D        | Found a snail-covered altar of Cheibriados.
   358 | D        | Found a burning altar of Makhleb.
   358 | D        | Found a shimmering altar of Xom.
   358 | D        | Noticed a spatial vortex
   359 | D        | Found a hazy altar of Hepliaklqana.
   359 | D        | Found an opulent altar of Gozag.
   359 | D        | Found a sparkling altar of Nemelex Xobeh.
   359 | D        | Found a corrupted altar of Lugonu.
   359 | D        | Found a viscous altar of Jiyva.
   363 | D        | Became a worshipper of Gozag Ym Sagoz the Greedy
   371 | D        | Killed a spatial vortex
   392 | D        | Reached skill level 11 in Unarmed Combat
   408 | D        | Reached XP level 8. HP: 59/76 MP: 6/13
   446 | D        | Noticed a two-headed ogre
   455 | D        | Noticed a two-headed ogre
   459 | D        | Killed a two-headed ogre
   459 | D        | Reached skill level 12 in Unarmed Combat
   462 | D        | Killed a two-headed ogre
   491 | D        | Noticed Erolcha
   498 | D        | Killed Erolcha
   498 | D        | Reached skill level 14 in Unarmed Combat
   498 | D        | Reached XP level 9. HP: 54/83 MP: 10/14
   533 | D        | Reached skill level 5 in Fighting
   682 | D        | Found a shadowy altar of Dithmenos.
   688 | D        | Found a basalt altar of Yredelemnul.
   688 | D        | Found a sacrificial altar of Ru.
   700 | D        | Found a hide-covered altar of Uskayaw.
   700 | D        | Found an iron altar of Okawaru.
   701 | D        | Found a roughly hewn altar of Beogh.
   701 | D        | Found a bloodstained altar of Trog.
   707 | D        | Found an ornate altar of the Wu Jian Council.
   725 | D        | Found a radiant altar of Vehumet.
   725 | D        | Found a deep blue altar of Sif Muna.
   725 | D        | Found an ancient bone altar of Kikubaaqudgha.
   762 | D        | Learned a level 1 spell: Confusing Touch
   762 | D        | Found Uckynnut's Magic Scroll Emporium.
   784 | D        | Noticed an orc high priest
   787 | D        | Killed an orc high priest
   787 | D        | Reached skill level 15 in Unarmed Combat
   846 | D        | Noticed an orc high priest
   865 | D        | Noticed an ice devil
   869 | D        | Noticed an orange demon
   869 | D        | Noticed an ice devil
   870 | D        | Killed an orc high priest
   870 | D        | Reached XP level 10. HP: 49/103 MP: 15/15
   896 | D        | Found a roughly hewn altar of Beogh.
   976 | D        | Noticed a deep elf mage
   976 | D        | Noticed a deep elf knight
   976 | D        | Noticed a deep elf mage
   976 | D        | Noticed a deep elf knight
   976 | D        | Noticed a deep elf mage
   986 | D        | Killed a deep elf knight
   986 | D        | Reached skill level 16 in Unarmed Combat
   990 | D        | Killed a deep elf knight
   990 | D        | Reached skill level 17 in Unarmed Combat
   997 | D        | Killed a deep elf mage
  1003 | D        | Killed a deep elf mage
  1016 | D        | Killed a deep elf mage
  1016 | D        | Reached skill level 18 in Unarmed Combat
  1177 | D        | Noticed Harold
  1177 | D        | Noticed Joseph
  1204 | D        | HP: 7/154 [Harold/dire flail of distortion (3)]
  1207 | D        | Killed Harold
  1207 | D        | Reached skill level 19 in Unarmed Combat
  1207 | D        | Reached XP level 11. HP: 7/109 MP: 1/16
  1209 | D        | HP: 6/163 [poisoned by Harold (poison arrow)]
  1214 | D        | HP: 3/109 [poisoned by Harold (poison arrow)]
  1219 | D        | HP: 5/109 [poisoned by Harold (poison arrow)]
  1350 | D        | Killed Joseph
  1435 | D        | Reached skill level 20 in Unarmed Combat
  1445 | D        | Slain by a spiny frog

Skill      XL: |  1  2  3  4  5  6  7  8  9 10 11 |
---------------+----------------------------------+-----
Fighting       | 2 3 7 |  7.7
Unarmed Combat | 4 6 9 11 14 15 19 20 | 20.2
Conjurations   | 3 4 |  4.7
Fire Magic     | 3 |  3.5
Air Magic      | 3 |  3.3
Poison Magic   | 3 |  3.5
Spellcasting   | 3 4 |  4.4
Translocations | 2 |  2.2
Hexes          | 4 |  4.5
Dodging        | |  1.5
Stealth        | |  1.0
Summonings     | |  0.6

Action                   |  1- 3 |  4- 6 |  7- 9 | 10-12 || total
-------------------------+-------+-------+-------+-------++-------
Melee: Unarmed           |    39 |    20 |    94 |    58 ||   211
       Punch             |       |       |     3 |     6 ||     9
 Cast: Mephitic Cloud    |       |     1 |     5 |     9 ||    15
       Conjure Flame     |       |     1 |     4 |     4 ||     9
       Blink             |       |       |       |     1 ||     1
  Use: Potion            |       |       |       |     1 ||     1
 Stab: Sleeping          |     1 |       |       |       ||     1
       Confused          |       |       |     1 |     2 ||     3
  Eat: Chunk             |     3 |       |     2 |       ||     5
       Ration            |       |       |       |     3 ||     3
Armor: Robe              |     7 |     1 |     5 |     3 ||    16
Dodge: Dodged            |    15 |     3 |    16 |    13 ||    47
